[Event "Late-Titled-Tuesday-Blitz-August-29-2023"]
[Site "Chess.com"]
[Date "2023.08.29"]
[Round "7"]
[White "BogdanDeac"]
[Black "Mikhail_Golubev"]
[Result "1-0"]
[WhiteElo "3010"]
[BlackElo "2589"]
[TimeControl "180+1"]
[EndTime "15:14:07 PDT"]
[Termination "BogdanDeac won by resignation"]

1. b3 d6 2. Bb2 Nd7 3. d4 Ngf6 4. Nf3 g6 5. g3 Bg7 6. Bg2 O-O 7. O-O a5 8. c4 a4 9. b4 e5 10. dxe5 dxe5 11. Nxe5 a3 12. Bc3 Nxe5 13. Bxe5 Qe7 14. Bc3 Rd8 15. Qc1 Qxe2 16. Nxa3 Ne4 17. Bxg7 Kxg7 18.
Nb5 Nd2 19. Nxc7 Nf3+ 20. Kh1 Rd2 21. Qc3+ Nd4 22. Rae1 Rd3 23. Qxd4+ 1-0

[Event "Late-Titled-Tuesday-Blitz-August-29-2023"]
[Site "Chess.com"]
[Date "2023.08.29"]
[Round "7"]
[White "Masterisback04"]
[Black "emiliochess"]
[Result "0-1"]
[WhiteElo "1755"]
[BlackElo "2239"]
[TimeControl "180+1"]
[EndTime "15:14:08 PDT"]
[Termination "emiliochess won on time"]

1. e4 b6 2. d4 Bb7 3. Bg5 h6 4. Bh4 Bxe4 5. Nc3 Bb7 6. d5 g5 7. Bg3 Bg7 8. Nf3 d6 9. Bd3 Nd7 10. Qe2 Ngf6 11. Nd4 Nxd5 12. Nxd5 Bxd5 13. Nf5 Bf6 14.
c4 Bc6 15. h4 e6 16. hxg5 hxg5 17. Rxh8+ Bxh8 18. O-O-O Qf6 19. f4 O-O-O 20. fxg5 Qxg5+ 21. Kb1 exf5 0-1

[Event "Late-Titled-Tuesday-Blitz-August-29-2023"]
[Site "Chess.com"]
[Date "2023.08.29"]
[Round "7"]
[White "Dzidzik2203"]
[Black "CraiggoryC"]
[Result "1-0"]
[WhiteElo "2352"]
[BlackElo "2222"]
[TimeControl "180+1"]
[EndTime "15:14:13 PDT"]
[Termination "Dzidzik2203 won by checkmate"]

1. d4 e6 2. c4 Nf6 3. Nc3 d5 4. Bg5 dxc4 5. e4 c5 6. Nf3 b5 7. Nxb5 Qa5+ 8. Nc3 Nxe4 9. Bd2 Nxd2 10. Qxd2 Nc6 11.
Bxc4 cxd4 12. Nxd4 Nxd4 13. Qxd4 Bd7 14. O-O Rd8 15.
Rad1 Bc6 16. Qg4 g6 17. Bxe6 h5 18. Qc4 fxe6 19. Qxe6+ Be7 20. Qxg6+ Kf8 21. Qxc6 Rg8 22. Qf3+ Ke8 23. Rxd8+ Kxd8 24. Rd1+ Ke8 25. Rd5 Qb4 26. Qxh5+ Kf8 27. Rf5+ Kg7 28. Rf7# 1-0

[Event "Late-Titled-Tuesday-Blitz-August-29-2023"]
[Site "Chess.com"]
[Date "2023.08.29"]
[Round "7"]
[White "PawnEatingZombie"]
[Black "valemava"]
[Result "0-1"]
[WhiteElo "2094"]
[BlackElo "2304"]
[TimeControl "180+1"]
[EndTime "15:14:18 PDT"]
[Termination "valemava won by resignation"]

1. e4 c5 2. Nc3 Qa5 3. f4 a6 4. Nf3 b5 5. g3 Bb7 6. Qe2 b4 7. Nd1 Nf6 8. d3 c4 9. Bg2 e6 10. O-O cxd3 11. cxd3 d5 12. f5 dxe4 13. fxe6 Qb6+ 14.
Kh1 Qxe6 15. Ng5 Qe7 16. dxe4 Nbd7 17. Ne3 g6 18. b3 Bg7 19. Bb2 O-O 20. Rae1 h6 21. e5 Bxg2+ 22. Qxg2 Nh5 23. Ne4 Nxe5 24. Nd5 Qd6 25. g4 Qxd5 26. Nf6+ Nxf6 0-1

[Event "Late-Titled-Tuesday-Blitz-August-29-2023"]
[Site "Chess.com"]
[Date "2023.08.29"]
[Round "7"]
[White "simplerXiao"]
[Black "cassoulet"]
[Result "0-1"]
[WhiteElo "2530"]
[BlackElo "2739"]
[TimeControl "180+1"]
[EndTime "15:14:19 PDT"]
[Termination "cassoulet won by resignation"]

1. e4 c5 2. Nf3 e6 3. d4 cxd4 4. Nxd4 Nf6 5. Nc3 Nc6 6. a3 Be7 7. Be3 O-O 8. f3 d5 9. exd5 Nxd5 10. Nxd5 Qxd5 11. Nxc6 Qxc6 12. Bd3 Bc5 13. Qe2 e5 14.
O-O Be6 15. Kh1 Rad8 16. Be4 Qc7 17. Bxc5 Qxc5 18. Bxb7 Bc4 19. Qf2 Qb5 20. Rfe1 Qxb7 21. b3 Be6 22. Rxe5 h6 23. Ra5 Rd7 24. h3 Rfd8 25.
Re1 Qb8 26. f4 Rd2 27. Qf3 Qb6 28. Rae5 Rf2 29. Qg3 Rdd2 30. f5 Rxg2 31. Qxg2 Rxg2 32. Kxg2 Qc6+ 33. Kg3 Bxf5 34. Rxf5 Qc3+ 35. Kf2 Qxc2+ 0-1

[Event "Late-Titled-Tuesday-Blitz-August-29-2023"]
[Site "Chess.com"]
[Date "2023.08.29"]
[Round "7"]
[White "gshwbedhkhd"]
[Black "Jahonas"]
[Result "0-1"]
[WhiteElo "2563"]
[BlackElo "2466"]
[TimeControl "180+1"]
[EndTime "15:14:21 PDT"]
[Termination "Jahonas won by resignation"]

1. e4 c6 2. Nf3 d5 3. Nc3 dxe4 4. Nxe4 Bf5 5. Ng3 Bg4 6. h3 Bxf3 7. Qxf3 e6 8. Bc4 Nf6 9. O-O Be7 10. c3 Nbd7 11. d4 O-O 12. Re1 Nb6 13. Bb3 Re8 14. Bd2 Rc8 15. Re2 Bf8 16. Rae1 a5 17. Bc2 Nbd7 18.
Bg5 b5 19. Qd3 h6 20. Bc1 Bd6 21. a4 Rb8 22. Qf3 Qc7 23. Ne4 Nxe4 24. Qxe4 Nf8 25. Qh4 b4 26. Re4 f5 27. R4e2 Qf7 28. c4 b3 29. Bd3 Bb4 30. Bd2 Red8 31. Bxb4 axb4 32. Re3 Qf6 33. Qg3 Qxd4 34. Bf1 f4 0-1

[Event "Late-Titled-Tuesday-Blitz-August-29-2023"]
[Site "Chess.com"]
[Date "2023.08.29"]
[Round "7"]
[White "Elshan1985"]
[Black "DampFalcon"]
[Result "1-0"]
[WhiteElo "2790"]
[BlackElo "2361"]
[TimeControl "180+1"]
[EndTime "15:14:21 PDT"]
[Termination "Elshan1985 won by checkmate"]

1. Nf3 Nf6 2. g3 g6 3. Bg2 Bg7 4. O-O O-O 5. d4 d5 6. a4 c6 7. a5 Bf5 8. Nh4 Be6 9. Nd2 Na6 10. Nb3 Rc8 11. Nf3 c5 12. dxc5 Nxc5 13. Nfd4 Bd7 14. Nxc5 Rxc5 15. Nb3 Rc8 16. Be3 Bf5 17. c3 b6 18.
axb6 axb6 19. Ra6 Rb8 20. Bf4 Ra8 21. Qa1 Ne4 22. Be3 b5 23. Rd1 Rxa6 24. Qxa6 b4 25. g4 Nxc3 26. bxc3 Bc2 27. Rxd5 Qc8 28. Qxc8 Rxc8 29.
Nd4 Bxd4 30. Bxd4 b3 31. Rb5 Rd8 32. f4 f6 33. g5 e5 34. fxe5 fxe5 35. Bxe5 Rd1+ 36.
Kf2 Rb1 37. Bd5+ Kf8 38. Bf6 Ke8 39. Be6 Bf5 40. Rb8# 1-0

[Event "Late-Titled-Tuesday-Blitz-August-29-2023"]
[Site "Chess.com"]
[Date "2023.08.29"]
[Round "7"]
[White "McCarthyStone"]
[Black "maurovargas01"]
[Result "1-0"]
[WhiteElo "2439"]
[BlackElo "1889"]
[TimeControl "180+1"]
[EndTime "15:14:24 PDT"]
[Termination "McCarthyStone won by resignation"]

1. c4 d5 2. cxd5 Qd6 3. Nc3 Nf6 4. e4 e6 5. d4 exd5 6. e5 Qe6 7. Nf3 Nfd7 8. Bd3 c5 9. Ng5 Qc6 10. Bb5 Qb6 11.
Nxd5 Qa5+ 12. Bd2 Qd8 13. Qf3 f6 14. e6 cxd4 15. exd7+ Bxd7 16. Ne6 Qe7 17. Nxe7 Bxe7 18. Nc7+ 1-0

[Event "Late-Titled-Tuesday-Blitz-August-29-2023"]
[Site "Chess.com"]
[Date "2023.08.29"]
[Round "7"]
[White "RIPOL"]
[Black "szachmistrz2500"]
[Result "1-0"]
[WhiteElo "2422"]
[BlackElo "2475"]
[TimeControl "180+1"]
[EndTime "15:14:27 PDT"]
[Termination "RIPOL won by resignation"]

1. d4 c5 2. d5 e5 3. Nc3 d6 4. e4 a6 5. a4 Be7 6. Nf3 Nf6 7. Be2 O-O 8. O-O Ne8 9. Nd2 f5 10.
Nc4 fxe4 11. Nxe4 Nd7 12. Bg4 Ndf6 13. Bxc8 Rxc8 14. Ng5 Qd7 15. Nb6 Qc7 16. Nxc8 Qxc8 17. Ne6 Rf7 18. c4 Nc7 19. Nxc7 Qxc7 20. a5 Qd7 21. h3 Bf8 22. Ra3 e4 23. Bf4 Qf5 24.
Bg3 Nh5 25. Qg4 Nxg3 26. Qxg3 h5 27. Rb3 g5 28. Rb6 h4 29. Qg4 Qe5 30. Re1 Qd4 31. Qxg5+ Bg7 32. Re3 Qxc4 33. Rxd6 Qc1+ 34. Kh2 Qc2 35. Rd8+ Rf8 36. Rxf8+ Kxf8 37. Qf5+ Kg8 38. Rxe4 Qxb2 39. Re8+ 1-0

[Event "Late-Titled-Tuesday-Blitz-August-29-2023"]
[Site "Chess.com"]
[Date "2023.08.29"]
[Round "7"]
[White "TC2304"]
[Black "Training_Day"]
[Result "1-0"]
[WhiteElo "2414"]
[BlackElo "2443"]
[TimeControl "180+1"]
[EndTime "15:14:28 PDT"]
[Termination "TC2304 won on time"]

1. c4 e5 2. g3 Nc6 3. Bg2 Bc5 4. e3 d6 5. Ne2 a6 6. O-O Ba7 7. Nbc3 h5 8. h4 Bg4 9. Nd5 Nf6 10. Rb1 O-O 11. b4 Nxd5 12. cxd5 Ne7 13. Re1 c6 14. dxc6 bxc6 15. Bb2 Rb8 16. a3 Re8 17. d4 Ng6 18. Bxc6 Bd7 19. Bg2 Bf5 20. Qd2 Bxb1 21. Rxb1 Rc8 22.
Qd3 Qb6 23. Qf5 Qb5 24. Nc3 Qc4 25. Bd5 Qc7 26. Qxg6 Kf8 27. Qxh5 exd4 28. Ne4 1-0

[Event "Late-Titled-Tuesday-Blitz-August-29-2023"]
[Site "Chess.com"]
[Date "2023.08.29"]
[Round "7"]
[White "Semetey"]
[Black "NelsonLinda"]
[Result "1-0"]
[WhiteElo "2596"]
[BlackElo "2459"]
[TimeControl "180+1"]
[EndTime "15:14:29 PDT"]
[Termination "Semetey won by resignation"]

1. e4 c5 2. Nf3 e6 3. d4 cxd4 4.
Nxd4 Nf6 5. Nc3 d6 6. Be3 Be7 7. f3 Nc6 8. Qd2 O-O 9. O-O-O d5 10. exd5 Nxd5 11. Nxd5 Qxd5 12. Nxc6 Qxc6 13. Kb1 e5 14. Bd3 Be6 15. Be4 Qa6 16. a3 Rfd8 17. Qc3 Rac8 18.
Qxe5 Rxd1+ 19. Rxd1 Bf6 20. Qd6 Qc4 21. Kc1 g6 22. Bd4 Rd8 23. Bxf6 Rxd6 24. Rxd6 Qf1+ 1-0

[Event "Late-Titled-Tuesday-Blitz-August-29-2023"]
[Site "Chess.com"]
[Date "2023.08.29"]
[Round "7"]
[White "protectiago"]
[Black "TreinadorBR"]
[Result "0-1"]
[WhiteElo "2092"]
[BlackElo "2323"]
[TimeControl "180+1"]
[EndTime "15:14:29 PDT"]
[Termination "TreinadorBR won by resignation"]

1. d4 Nf6 2. c4 c5 3. d5 e6 4.
Nc3 exd5 5. cxd5 d6 6. g3 g6 7. Bg2 Bg7 8. Nf3 O-O 9. O-O Na6 10. Nd2 Nc7 11. a4 b6 12. Nc4 Nh5 13. e4 Ba6 14.
Qb3 Bxc4 15. Qxc4 a6 16. Qb3 Rb8 17. Rd1 b5 18. axb5 axb5 19. Ra7 b4 20. Ne2 Nb5 21. Ra6 Re8 22. Nf4 Nd4 23. Qd3 Nxf4 24. Bxf4 Rb6 25.
Rxb6 Qxb6 26. b3 Qa5 27. Bxd6 Nb5 28. Bxc5 Nc3 29. Bd4 Bxd4 30. Qxd4 Ne2+ 0-1

[Event "Late-Titled-Tuesday-Blitz-August-29-2023"]
[Site "Chess.com"]
[Date "2023.08.29"]
[Round "7"]
[White "BillieKimbah"]
[Black "GM_dmitrij"]
[Result "1-0"]
[WhiteElo "3049"]
[BlackElo "3053"]
[TimeControl "180+1"]
[EndTime "15:14:41 PDT"]
[Termination "BillieKimbah won by resignation"]

1. d4 Nf6 2. Nf3 d5 3. Bg5 Ne4 4. Bh4 c5 5. e3 Nc6 6. Nbd2 Bg4 7. Be2 Nxd2 8. Qxd2 cxd4 9. exd4 Qd7 10. O-O e6 11. c3 Bd6 12. Rfe1 Qc7 13. Qg5 Bxf3 14. Qxg7 Bxe2 15. Qxh8+ Kd7 16. Qxa8 Bh5 17. Bg3 Bxg3 18. hxg3 Qb6 19. Qf8 Bg6 20. b3 Ne7 21. Rac1 h5 22. c4 Qxd4 23. Red1 Qe4 24. cxd5 Nxd5 25. Rc8 e5 26.
Rd8+ 1-0

[Event "Late-Titled-Tuesday-Blitz-August-29-2023"]
[Site "Chess.com"]
[Date "2023.08.29"]
[Round "7"]
[White "DishonorOnYourCow"]
[Black "kleinebeer98"]
[Result "1/2-1/2"]
[WhiteElo "2553"]
[BlackElo "2754"]
[TimeControl "180+1"]
[EndTime "15:14:49 PDT"]
[Termination "Game drawn - insufficient material"]

1. d4 Nf6 2. c4 a6 3. Nc3 b5 4.
cxb5 axb5 5. Nxb5 e5 6. dxe5 Ne4 7. Nf3 Bb4+ 8. Bd2 Nxd2 9. Nxd2 Nc6 10. a3 Bxd2+ 11.
Qxd2 O-O 12. e3 Nxe5 13. Be2 Bb7 14. O-O Qg5 15. f3 Nxf3+ 16. Bxf3 Bxf3 17. Rxf3 Qxb5 18. Rc1 c6 19. Qxd7 Qxb2 20. Rcf1 Qxa3 21. Rxf7 Qxe3+ 22. Kh1 Qe5 23. Qxc6 Rfe8 24. Qc4 Kh8 25. Qf4 Qc5 26. Rf5 Qe7 27. Rf7 Qa3 28. Qf3 Qb4 29. Rf4 Qd6 30.
h3 h6 31. Rf7 Ra3 32. Rf8+ Rxf8 33. Qxf8+ Qxf8 34. Rxf8+ Kh7 35. Rb8 g5 36. Kh2 h5 37.
Rb7+ Kg6 38. Rb6+ Kf7 39. Rb7+ Kf6 40. Rb6+ Ke7 41. Rh6 h4 42. Rg6 Rg3 43. Kg1 Kf7 44. Ra6 g4 45. hxg4 h3 46. Kh2 hxg2 47. Ra1 Rxg4 48. Rg1 Kf6 49. Rxg2 Rxg2+ 50. Kxg2 1/2-1/2

[Event "Late-Titled-Tuesday-Blitz-August-29-2023"]
[Site "Chess.com"]
[Date "2023.08.29"]
[Round "7"]
[White "Roedor"]
[Black "Cipy77"]
[Result "0-1"]
[WhiteElo "2429"]
[BlackElo "2550"]
[TimeControl "180+1"]
[EndTime "15:15:04 PDT"]
[Termination "Cipy77 won by resignation"]

1. d4 Nf6 2. c4 c5 3. d5 b5 4. Qc2 e6 5. e4 exd5 6. exd5 d6 7. a4 b4 8. b3 g6 9. Bb2 Bg7 10. Bd3 O-O 11. Ne2 Nbd7 12. O-O Re8 13. Nd2 Ne5 14. Ng3 h5 15. Nge4 Nxd3 16. Qxd3 Nxe4 17. Bxg7 Nxd2 18. Bb2 Nxf1 19. Rxf1 Bf5 20. Qd2 f6 21. h3 Kh7 22. g4 hxg4 23. hxg4 Bxg4 24. Kg2 Qd7 25. Rh1+ Bh5 26. Qf4 Qe7 27. Rh4 Rf8 28. Rh3 Rae8 29. Re3 Qd8 30. Bxf6 Rxe3 31. Bxd8 Rxf4 32. fxe3 Re4 33. Kf2 Bd1 34. Bc7 Bxb3 35. Bxd6 Bxc4 36. Bxc5 Bxd5 0-1

[Event "Late-Titled-Tuesday-Blitz-August-29-2023"]
[Site "Chess.com"]
[Date "2023.08.29"]
[Round "7"]
[White "lefonghua"]
[Black "Mourinho_Jose"]
[Result "1-0"]
[WhiteElo "2653"]
[BlackElo "2500"]
[TimeControl "180+1"]
[EndTime "15:15:08 PDT"]
[Termination "lefonghua won by resignation"]

1. d4 d5 2. c4 e6 3. Nc3 Be7 4. cxd5 exd5 5. Bf4 c6 6. e3 Bf5 7. Bd3 Bxd3 8. Qxd3 Nf6 9. h3 Bd6 10. Bxd6 Qxd6 11. Nf3 Nbd7 12. O-O O-O 13. Rab1 a5 14. b3 Rfe8 15. Nd2 Re7 16. Rbc1 Rae8 17. Rc2 h5 18. Rfc1 g5 19. Qf5 g4 20. hxg4 hxg4 21. Nf1 Nf8 22. Ng3 Ng6 23. Qg5 Rd7 24. Nf5 Qe6 25. Ne2 Ne4 26. Qxg4 Kf8 27. Nf4 Qf6 28. Nh5 Qe6 29.
Nhg7 Qf6 30. Nxe8 Kxe8 31. Ng3 Kd8 32. Nxe4 dxe4 33. Qxe4 Rd5 34. Rc5 Ne7 35. Rxd5+ Nxd5 36. Rc5 Kc7 37. Qxd5 1-0

[Event "Late-Titled-Tuesday-Blitz-August-29-2023"]
[Site "Chess.com"]
[Date "2023.08.29"]
[Round "7"]
[White "dropstoneDP"]
[Black "Eternauta2400"]
[Result "1-0"]
[WhiteElo "2971"]
[BlackElo "2838"]
[TimeControl "180+1"]
[EndTime "15:15:10 PDT"]
[Termination "dropstoneDP won by checkmate"]

1. d4 Nf6 2. c4 e6 3. Nc3 Bb4 4. f3 d6 5. e4 c5 6. a3 Bxc3+ 7.
bxc3 Nc6 8. Ne2 Qc7 9. Be3 b6 10.
Ng3 Na5 11. Bd3 Ba6 12. O-O O-O 13. Qe2 cxd4 14. cxd4 Bxc4 15. Rac1 Bxd3 16. Qxd3 Qb7 17. Bg5 Nd7 18. f4 Rac8 19. f5 Rxc1 20. Bxc1 d5 21. e5 exf5 22. Nxf5 Nc6 23. Bh6 Re8 24. Bxg7 Re6 25.
Bf6 Nxf6 26. Qg3+ Ng4 27. Qxg4+ Rg6 28. Qh4 Qd7 29. Nh6+ Kh8 30. Nxf7+ Kg7 31. Ng5 Nd8 32. Qxh7# 1-0

[Event "Late-Titled-Tuesday-Blitz-August-29-2023"]
[Site "Chess.com"]
[Date "2023.08.29"]
[Round "7"]
[White "WindWhistler11"]
[Black "DeTimmerman"]
[Result "0-1"]
[WhiteElo "2483"]
[BlackElo "2674"]
[TimeControl "180+1"]
[EndTime "15:15:11 PDT"]
[Termination "DeTimmerman won by resignation"]

1. Nf3 Nf6 2. c4 e6 3. g3 d5 4. Bg2 Be7 5. O-O O-O 6. b3 c5 7.
Bb2 Nc6 8. e3 b6 9. d3 Bb7 10. Qe2 Qc7 11. Nbd2 Rad8 12. a3 Qb8 13. Rad1 Rd7 14. Ne1 Rfd8 15. f4 Qa8 16. g4 Na5 17. g5 Ne8 18. e4 dxe4 19. Bxe4 Bxe4 20.
dxe4 Nxb3 21. Nef3 Nxd2 22. Nxd2 Qc6 23. h4 Qa4 24. f5 Qc2 25. Bc1 Nd6 26. f6 Bf8 27. h5 Nxe4 28. Qxe4 Qxe4 29. Nxe4 Rxd1 30. fxg7 Rxf1+ 31. Kxf1 Bxg7 32. Be3 Rd3 33. Ke2 Rxa3 0-1

[Event "Late-Titled-Tuesday-Blitz-August-29-2023"]
[Site "Chess.com"]
[Date "2023.08.29"]
[Round "7"]
[White "chessS1r"]
[Black "Colombiano07"]
[Result "1/2-1/2"]
[WhiteElo "2590"]
[BlackElo "2457"]
[TimeControl "180+1"]
[EndTime "15:15:13 PDT"]
[Termination "Game drawn by repetition"]

1. d4 d5 2. c4 dxc4 3. e4 Nf6 4.
e5 Nd5 5. Bxc4 Nb6 6. Bd3 Nc6 7. Ne2 Bg4 8. f3 Bh5 9. Nbc3 e6 10. Be3 Nb4 11.
Be4 N4d5 12. Nxd5 Nxd5 13. Qa4+ c6 14. Bxd5 Qxd5 15. Nf4 b5 16. Qc2 Bg6 17. Nxd5 Bxc2 18. Nc7+ Kd7 19. Nxa8 Be7 20. Kd2 Bg6 21. a3 Rxa8 22.
b4 a5 23. Kc3 h5 24. h4 Bd8 25. g4 hxg4 26. fxg4 Be4 27. Rhf1 axb4+ 28. axb4 Rxa1 29. Rxa1 Bxh4 30. Ra7+ Ke8 31. g5 g6 32. d5 Bxd5 33. Kd4 Bg3 34. Ra1 Bh2 35. Rf1 Ke7 36. Bf4 Bg2 37.
Bxh2 Bxf1 38. Kc5 Bg2 39. Bg1 Bd5 40. Kb6 Bg2 41. Bc5+ Kd7 42. Kb7 Bd5 43. Kb6 Bc4 44. Kb7 Bd5 45. Kb6 Bc4 46. Kb7 Bd5 1/2-1/2

[Event "Late-Titled-Tuesday-Blitz-August-29-2023"]
[Site "Chess.com"]
[Date "2023.08.29"]
[Round "7"]
[White "HamedWafa4"]
[Black "Young_Catalan_Player09"]
[Result "1-0"]
[WhiteElo "2571"]
[BlackElo "2433"]
[TimeControl "180+1"]
[EndTime "15:15:17 PDT"]
[Termination "HamedWafa4 won by checkmate"]

1. e4 c5 2. Nf3 Nc6 3. Nc3 g6 4. d4 cxd4 5. Nxd4 Nf6 6. Be3 Bg7 7. Bc4 O-O 8. Bb3 d6 9. f3 Bd7 10. Qd2 a6 11. h4 h5 12. O-O-O b5 13. Nxc6 Bxc6 14.
Bh6 b4 15. Bxg7 Kxg7 16. Nd5 Bxd5 17. exd5 a5 18. g4 a4 19. Bc4 Qa5 20. gxh5 Nxh5 21.
Rhg1 Rac8 22. Qd4+ Kh7 23. Bd3 b3 24. Qg4 Rxc2+ 25. Kb1 bxa2+ 26. Ka1 Nf6 27. Bxg6+ Kh8 28. Qg5 fxg6 29. Qxg6 Rg8 30. Qh6+ Nh7 31. Rxg8+ Kxg8 32. Rg1+ Kf7 33. Qg6+ Kf8 34. Qg8# 1-0

[Event "Late-Titled-Tuesday-Blitz-August-29-2023"]
[Site "Chess.com"]
[Date "2023.08.29"]
[Round "7"]
[White "Mariia89"]
[Black "IngOscarArdila"]
[Result "0-1"]
[WhiteElo "1961"]
[BlackElo "2298"]
[TimeControl "180+1"]
[EndTime "15:15:18 PDT"]
[Termination "IngOscarArdila won by resignation"]

1. d4 Nf6 2. Nf3 e6 3. Bg5 Be7 4. e3 O-O 5. Bd3 d6 6. Nbd2 Nbd7 7. c3 c5 8. Qe2 h6 9. Bh4 Qc7 10. Bg3 e5 11. Nh4 Re8 12. Nf5 Bf8 13. dxe5 Nxe5 14. e4 Bxf5 15. Bxe5 Rxe5 16. O-O-O Bg6 17. f4 Ree8 18.
f5 Bh5 19. Nf3 d5 20. e5 Bxf3 21. Qxf3 Rxe5 22. g4 Rae8 23. Qg2 Re3 24. g5 hxg5 25. Qxg5 Nh7 26. Qg4 Nf6 27. Qg5 Qe5 28. Rhg1 Rf3 29. Kb1 c4 30. Bc2 Rf2 31. h4 Qe2 32.
Rc1 Ne4 33. Qh5 Qxh5 0-1

[Event "Late-Titled-Tuesday-Blitz-August-29-2023"]
[Site "Chess.com"]
[Date "2023.08.29"]
[Round "7"]
[White "dosto07"]
[Black "bescmelasti"]
[Result "1-0"]
[WhiteElo "2512"]
[BlackElo "2603"]
[TimeControl "180+1"]
[EndTime "15:15:19 PDT"]
[Termination "dosto07 won by resignation"]

1. e4 c5 2. Nf3 e6 3. c3 d5 4. exd5 Qxd5 5. d4 Nf6 6. Na3 Nc6 7. Be3 cxd4 8. Nb5 Qd7 9. Nbxd4 Nd5 10. Bb5 Nxe3 11. fxe3 Bd6 12. Qa4 O-O 13. Nxc6 a6 14. Ncd4 axb5 15. Qxa8 e5 16. Nb3 Qc7 17. Qa5 Qc4 18.
O-O-O Bf5 19. Rxd6 Qe4 20. Kd2 Qc2+ 21. Ke1 Qb1+ 22.
Kf2 Qxb2+ 23. Kg3 b6 24. Qxb6 Qxc3 25. Rd8 g6 26. Rxf8+ Kxf8 27. Qd6+ Kg8 1-0

[Event "Late-Titled-Tuesday-Blitz-August-29-2023"]
[Site "Chess.com"]
[Date "2023.08.29"]
[Round "7"]
[White "tteshan"]
[Black "ckgchess"]
[Result "0-1"]
[WhiteElo "2570"]
[BlackElo "2877"]
[TimeControl "180+1"]
[EndTime "15:15:22 PDT"]
[Termination "ckgchess won by resignation"]

1. e4 e5 2. Nf3 Nf6 3. Nxe5 d5 4. d4 Nxe4 5. Bd3 Nd7 6. Nxd7 Bxd7 7. O-O Bd6 8. Bxe4 dxe4 9. Qe2 O-O 10. Qxe4 Re8 11. Qd3 Qh4 12. g3 Qh5 13. Be3 Bg4 14. Re1 Bf5 15.
Qb3 Qg6 16. Nd2 Bxc2 17. Qxb7 Rab8 18. Qc6 h5 19. Rac1 Bf5 20. b3 h4 21. Qf3 Bg4 22.
Qg2 Bb4 23. Rc6 Qd3 24. Qf1 Rxe3 25. Rxe3 Qxd2 26. Qc1 Qxc1+ 0-1

[Event "Late-Titled-Tuesday-Blitz-August-29-2023"]
[Site "Chess.com"]
[Date "2023.08.29"]
[Round "7"]
[White "PNEPaul"]
[Black "Veleamater"]
[Result "0-1"]
[WhiteElo "1890"]
[BlackElo "2285"]
[TimeControl "180+1"]
[EndTime "15:15:26 PDT"]
[Termination "Veleamater won by checkmate"]

1. e4 e6 2. d4 d5 3. e5 c5 4.
Qg4 Nc6 5. Nf3 cxd4 6. Bd3 Nge7 7. O-O Nf5 8. Bxf5 exf5 9. Qg3 Be6 10. a3 g6 11. c3 dxc3 12. Nxc3 h6 13. h4 Be7 14. Nb5 a6 15. Nd6+ Bxd6 16. exd6 Qf6 17. Bf4 g5 18. hxg5 hxg5 19. Bxg5 Qg6 20. Ne5 Nxe5 21. Qxe5 Kd7 22. Rac1 Rac8 23. Rc7+ Rxc7 24. dxc7 Rg8 25. f4 f6 26.
Qxf6 Qxf6 27. Bxf6 Kxc7 28. Be5+ Kb6 29. Rc1 d4 30.
Bxd4+ Kb5 31. Be5 Bd5 32. Rc2 Be4 33. Rd2 Kc4 34. Kf1 b5 35. Ke1 a5 36. Rd4+ Kb3 37.
Rd2 Bxg2 38. Rd3+ Kc4 39. Rc3+ Kd5 40. Rd3+ Kc6 41. Rd6+ Kc5 42. Rf6 Be4 43. Ra6 a4 44.
Bd6+ Kc4 45. Be5 Kd3 46. Rd6+ Ke3 47. Rb6 Rg1# 0-1

[Event "Late-Titled-Tuesday-Blitz-August-29-2023"]
[Site "Chess.com"]
[Date "2023.08.29"]
[Round "7"]
[White "Der_Honigdachs"]
[Black "WildBizon"]
[Result "0-1"]
[WhiteElo "2520"]
[BlackElo "2721"]
[TimeControl "180+1"]
[EndTime "15:15:27 PDT"]
[Termination "WildBizon won by resignation"]

1. Nf3 Nf6 2. g3 g6 3. Bg2 Bg7 4. O-O O-O 5. b3 a5 6. Bb2 a4 7. d3 d6 8. e4 e5 9. Nbd2 a3 10. Bc3 b5 11. b4 Nc6 12. Nb3 Ra4 13. Qd2 Ng4 14. h3 Bh6 15. Qe1 Nf6 16. Nh2 Re8 17.
f4 exf4 18. gxf4 Bg7 19. e5 Bd7 20. Qf2 Nh5 21. Ng4 Nxb4 22. Rae1 Nxa2 23. Ba1 Rxf4 24. Qa7 Nb4 25. exd6 cxd6 26. Bxg7 Rxf1+ 27. Rxf1 Bxg4 28. Ba1 Qd7 29. Qd4 Re5 30. hxg4 Nxc2 31. Qf2 Nxa1 32. Rxa1 Qxg4 33. Rxa3 Nf4 34. Ra2 Nh3+ 0-1

[Event "Late-Titled-Tuesday-Blitz-August-29-2023"]
[Site "Chess.com"]
[Date "2023.08.29"]
[Round "7"]
[White "promen1999"]
[Black "jefferyx"]
[Result "0-1"]
[WhiteElo "2875"]
[BlackElo "3028"]
[TimeControl "180+1"]
[EndTime "15:15:28 PDT"]
[Termination "jefferyx won on time"]

1. c4 e6 2. Nf3 d5 3. d4 dxc4 4. e3 Nf6 5. Bxc4 c5 6. O-O Nc6 7. Nc3 a6 8. dxc5 Qxd1 9. Rxd1 Bxc5 10. a3 O-O 11. b4 Be7 12. Bb2 b5 13. Be2 Bb7 14.
Ne1 Rfd8 15. Nd3 a5 16. Nc5 Rxd1+ 17. Rxd1 axb4 18. axb4 Bxc5 19. bxc5 b4 20. Nb5 Ra2 21. Rb1 Ba6 22. Bf1 Ne4 23. Nd4 Bxf1 24. Nxc6 Bd3 25. Ra1 Rxa1+ 26. Bxa1 b3 27. Bd4 Nxc5 28. Nb4 Bc4 29. f3 Na4 30. e4 b2 0-1

[Event "Late-Titled-Tuesday-Blitz-August-29-2023"]
[Site "Chess.com"]
[Date "2023.08.29"]
[Round "7"]
[White "Leo_C"]
[Black "Ncatt"]
[Result "0-1"]
[WhiteElo "2545"]
[BlackElo "2451"]
[TimeControl "180+1"]
[EndTime "15:15:28 PDT"]
[Termination "Ncatt won by resignation"]

1. d4 d5 2. Bf4 Nf6 3. e3 c5 4.
Nf3 Nc6 5. Nbd2 cxd4 6. exd4 Bf5 7. Bb5 a6 8. Bxc6+ bxc6 9. Ne5 Qb6 10. Nb3 e6 11.
O-O Be7 12. Re1 O-O 13. g4 Bg6 14. h4 h6 15. Nxg6 fxg6 16. Rxe6 Rae8 17. Be5 Kf7 18.
Nc5 Bxc5 19. dxc5 Qxc5 20. Bd4 Qb5 21. Rxe8 Rxe8 22. Qf3 Re4 23. Bxf6 gxf6 24. b3 Qb4 25. g5 hxg5 26. hxg5 Rg4+ 27. Kf1 Rxg5 28. Qd3 Qg4 29. Qg3 Qd4 30. Qe3 Qxa1+ 0-1

[Event "Late-Titled-Tuesday-Blitz-August-29-2023"]
[Site "Chess.com"]
[Date "2023.08.29"]
[Round "7"]
[White "DawidCzerw"]
[Black "albi1999"]
[Result "1-0"]
[WhiteElo "2495"]
[BlackElo "2653"]
[TimeControl "180+1"]
[EndTime "15:15:29 PDT"]
[Termination "DawidCzerw won by resignation"]

1. d4 d6 2. e4 Nf6 3. Nc3 Nbd7 4.
Nf3 e5 5. g4 h6 6. Rg1 c6 7. h4 h5 8. g5 Ng4 9. d5 Nc5 10. Nd2 cxd5 11. Nxd5 Be6 12. Bc4 Rc8 13. Qe2 a6 14. a4 Qa5 15. c3 b5 16. b4 Qd8 17. axb5 axb5 18. Bxb5+ Nd7 19. Bxd7+ Bxd7 20. f3 Be7 21. fxg4 Bxg4 22. Qf2 O-O 23. Ra7 Re8 24. Rb7 Be6 25. Nf6+ Bxf6 26. gxf6 g6 27. Rxg6+ fxg6 28.
f7+ 1-0

[Event "Late-Titled-Tuesday-Blitz-August-29-2023"]
[Site "Chess.com"]
[Date "2023.08.29"]
[Round "7"]
[White "KejJaj"]
[Black "ShrookWafa"]
[Result "0-1"]
[WhiteElo "2216"]
[BlackElo "2422"]
[TimeControl "180+1"]
[EndTime "15:15:29 PDT"]
[Termination "ShrookWafa won on time"]

1. d4 d5 2. Bf4 Nf6 3. e3 Bf5 4. Bd3 Bxd3 5. Qxd3 e6 6. Qb5+ Nbd7 7. Qxb7 Bd6 8.
Bxd6 cxd6 9. Qa6 O-O 10. Ne2 Rb8 11. b3 Qc7 12. c3 Rb6 13. Qa3 e5 14. O-O e4 15.
Nd2 Rc6 16. c4 dxc4 17. bxc4 d5 18. c5 Ng4 19. Ng3 Rh6 20. h3 Nxf2 21. Kxf2 Rf6+ 22. Kg1 Qxg3 23. Rxf6 Nxf6 24. Nf1 Qc7 25. Rb1 h5 26. Qb4 h4 27. Qb7 Qa5 28. c6 Ne8 29. Rb2 Nd6 30.
Qd7 Nc4 31. Rb7 Qe1 32. Rb3 Nd2 33. Qf5 Nxb3 34. axb3 Qa5 35. Qd7 Qb6 36. c7 Qe6 37.
Qb5 Rc8 0-1